Map: Ruins of Seras

Players

Shadowcraft

  • Race: Zerg Zerg

StoicLoofah - Winner!

  • Race: Terran Terran

VOD

Have the link to the VOD?

Description

Time

  • Played on: May 15, 2015, 10:41 p.m.
  • Length: 12:39
Show
View Real Time Build Order
Export as new Build Order

Shadowcraft Zerg 

Build Orders: Pool First 

Get SALT Encoding   

  12  0:01  Drone  
  13  0:13  Overlord  
  13  0:24  Drone  
  14  0:37  Spawning Pool  
  13  0:43  Drone x2  
  13  0:46  Drone  
  16  0:51  Extractor  
  15  1:16  Drone x3  
  18  1:26  Queen  
  18  1:29  Drone  
  21  1:37  Roach Warren  
  21  1:39  Drone  
  21  1:48  Overlord  
  21  1:59  Drone  
  22  2:10  Lair  
  22  2:33  Roach x2  
  22  2:34  Hatchery, Roach  
  27  2:58  Overlord  
  27  3:02  Drone x3  
  30  3:14  Overlord  
  30  3:27  Overlord  
  30  3:28  Overlord x3  
  30  3:40  Drone  
  31  3:45  Extractor  
  30  3:52  Evolution Chamber  
  30  3:54  Evolution Chamber  
  28  4:00  Drone x2  
  28  4:01  Queen  
  32  4:05  Roach x2  
  32  4:06  Roach  
  38  4:13  Glial Reconstitution  
  38  4:20  Drone x2  
  38  4:22  Drone  
  41  4:25  Drone  
  41  4:28  Drone  
  43  4:48  Zerg Missile Weapons Level 1  
  43  4:52  Metabolic Boost  
  43  4:59  Drone x2  
  46  5:00  Drone x2  
  46  5:01  Drone x2  
  46  5:02  Drone  
  50  5:24  Spire  
  49  5:30  Drone x2  
  49  5:31  Drone x2  
  49  5:35  Roach x4  
  61  5:44  Overseer  
  61  5:48  Drone x2  
  61  5:49  Drone x3  
  66  5:52  Extractor  
  66  5:54  Extractor  
  66  5:56  Drone x2  
  67  5:57  Drone x3  
  69  6:25  Zerg Ground Armor Level 1  
  69  6:29  Zergling x6  
  69  6:30  Zergling x4  
  74  6:37  Drone x2  
  74  6:39  Overlord  
  76  6:40  Overlord x2  
  76  6:49  Spore Crawler  
  76  6:50  Spore Crawler  
  76  6:52  Spore Crawler  
  73  6:56  Drone  
  74  7:20  Drone x5  
  79  7:29  Queen  
  81  7:32  Zerg Missile Weapons Level 2  
  81  7:36  Hatchery, Corruptor x2  
  81  7:37  Corruptor x3  
  90  7:45  Ravager x5  
  95  8:31  Roach x2  
  95  8:33  Overlord x5  
  95  8:34  Overlord  
  99  8:36  Overlord x3  
  99  8:37  Overlord x2  
  99  9:12  Roach  
  99  9:13  Roach x6  
  113  9:17  Roach  
  113  9:18  Roach x7  
  63  10:22  Roach x3  
  63  10:23  Roach x7  
  63  10:24  Roach x6  
Show
View Real Time Build Order
Export as new Build Order

StoicLoofah Terran - Winner!

Build Orders: Reaper Expand, MMM Bio 

Get SALT Encoding   

  12  0:01  SCV  
  13  0:13  SCV  
  14  0:20  Supply Depot  
  14  0:25  SCV  
  15  0:42  SCV  
  16  0:43  Barracks  
  16  0:51  Refinery  
  16  0:54  SCV  
  17  1:06  SCV  
  18  1:18  SCV  
  19  1:32  Supply Depot, Orbital Command  
  19  1:36  Reaper  
  20  1:49  Command Center  
  20  1:58  SCV  
  21  2:08  Barracks Reactor  
  21  2:12  SCV  
  22  2:24  SCV  
  23  2:32  Factory  
  23  2:49  Marine x2  
  24  2:51  SCV  
  25  3:00  Barracks  
  25  3:01  Barracks  
  25  3:02  Orbital Command  
  25  3:11  Engineering Bay  
  25  3:27  Orbital Command  
  25  3:29  Engineering Bay  
  25  3:36  Widow Mine  
  25  3:37  Widow Mine  
  25  3:40  Barracks Tech Lab  
  29  3:54  Bunker  
  29  3:55  SCV x2  
  31  3:57  Terran Infantry Weapons Level 1  
  31  4:04  Refinery, Marine x3  
  31  4:07  SCV x2, Missile Turret  
  36  4:19  Supply Depot  
  36  4:21  Supply Depot  
  36  4:22  SCV x2  
  38  4:29  Marauder, Marine  
  42  4:41  Barracks Tech Lab  
  42  4:43  Stimpack  
  41  4:48  SCV x2  
  41  4:52  Supply Depot  
  43  4:53  Supply Depot  
  43  5:02  Starport  
  43  5:04  Marauder  
  43  5:05  Marine, Marauder  
  48  5:08  SCV  
  48  5:09  SCV  
  50  5:17  Supply Depot  
  50  5:19  Supply Depot  
  50  5:23  Marine  
  51  5:28  Terran Infantry Armor Level 1  
  51  5:30  Marauder x2  
  51  5:33  SCV x2, Refinery  
  51  5:35  Refinery  
  57  5:48  Marine  
  58  5:50  Medivac  
  58  5:53  Supply Depot, Marauder x2  
  58  5:55  SCV x2  
  66  6:14  SCV x2  
  68  6:30  Marine, Marauder x2  
  68  6:31  SCV x2  
  75  6:45  Medivac  
  75  6:46  Medivac  
  79  6:50  Marine  
  79  6:52  Factory Tech Lab  
  79  6:53  Barracks  
  79  6:54  Barracks  
  80  6:58  Combat Shields  
  80  7:00  Armory  
  80  7:01  Concussive Shells  
  80  7:03  SCV x2  
  80  7:04  Marauder x2  
  86  7:12  Marine  
  87  7:23  Medivac x2  
  87  7:26  Missile Turret  
  91  7:30  Missile Turret  
  91  7:34  Command Center, Marauder x2, Marine  
  96  7:43  Widow Mine  
  98  7:51  Marine  
  98  7:59  Marauder x2  
  98  8:04  Supply Depot x2  
  102  8:07  Supply Depot  
  102  8:17  Marine x3  
  105  8:20  Marine x2  
  105  8:24  Terran Infantry Weapons Level 2  
  105  8:25  Terran Infantry Armor Level 2  
  107  8:32  Supply Depot  
  107  8:37  Marine x3  
  110  8:54  Marine  
  111  9:01  Orbital Command  
  111  9:02  SCV x2  
  113  9:03  Marine x3  
  116  9:32  Marauder, Marine x3  
  116  9:33  Marauder, Orbital Command  
  116  9:37  SCV x2  
  125  9:43  Medivac  
  125  9:44  Medivac  
  129  9:50  Marine x2  
  124  10:05  Marine  
  124  10:06  Marauder x2  
  122  10:08  Marine x2  
  114  10:19  SCV x3  
  112  10:28  Marauder, Marine  
  112  10:29  Marauder  
  112  10:34  Barracks Reactor  
  112  10:35  Barracks Reactor  
  115  10:41  SCV x3  
  114  10:51  Marine  
  114  10:52  Marauder x2  
  112  10:58  Command Center  
  112  11:09  Marine  
  113  11:21  Marauder, Marine x3  
  113  11:23  SCV x3, Marauder  
  123  11:26  Refinery x2  
  123  11:44  Marine x4  
  123  11:45  Marine  
  123  11:46  Medivac, Marauder x2  
  123  11:47  Medivac  
  136  12:03  Marine  
  136  12:04  Marine x3  
  136  12:07  Marauder  
  142  12:15  Marine  
Tags
 
Add a new tag
Caveats
  • Supply blocks, unpowered buildings, or Contaminate may cause inaccurate times.
  • Supply counts are checked every 10 seconds.